amy, neutral female human Ranger -----+- |.>...-# -------- -------------- |.....|# |......| |.........+..| |.....|# |......| |..........<.| -|-----# #....{..| ---- ----.---- ## # ###-------- # # # # # # # ### ### ## # # # # ---|--.-- # -----+-# # #####-.......| ### --......# # # |.......| # |.S....| ## ### |.......| ##-..S...jd@f ---|----- # #[...%....| |......| |....%..|### # |.....(.| |.....-- |.......-# ### --------- ------- |.......| # |.?.....-###### --------- amy the Trailblazer Experience level: 7 Strength: 17 Dexterity: 11 Constitution: 15 Intelligence: 13 Wisdom: 15 Charisma: 8 Health: 0(40) Energy: 44(44) Def: 12 Gold: 825 Moves: 4723 Dungeon seed: Ir18uINVzVklNqw2 Game ID: amy_1467880481 Your Inventory: Coins $ - 825 gold pieces Weapons a - an uncursed +1 dagger b - an uncursed +2 bow (weapon in hand) c - 56 uncursed +2 arrows d - 12 uncursed +0 arrows (in quiver) s - 7 uncursed +0 arrows L - 4 uncursed +0 daggers U - 6 uncursed +3 arrows Armor e - an uncursed very burnt +2 cloak of displacement (being worn) n - an uncursed +0 helmet (being worn) r - an uncursed +0 pair of iron shoes (being worn) y - a blessed +3 orcish chain mail (being worn) Comestibles l - an uncursed eucalyptus leaf E - an uncursed cram ration I - an uncursed partly eaten food ration Scrolls m - 2 uncursed scrolls of identify p - 2 uncursed scrolls of enchant weapon M - an uncursed scroll of gold detection T - a blessed scroll of teleportation Potions o - an uncursed potion of see invisible B - an uncursed potion of gain ability C - an uncursed potion of object detection F - an uncursed potion of water G - a blessed potion of levitation P - a blessed potion of see invisible R - an uncursed potion of acid Rings j - an uncursed ring of sustain ability Wands g - an uncursed wand of slow monster (0:2) i - an uncursed wand of teleportation (0:5) Y - an uncursed wand of slow monster (0:8) Tools O - an uncursed tallow candle (0:200) W - an uncursed oil lamp (0:1109) X - an uncursed bag of holding Gems q - an uncursed worthless piece of orange glass Spells and supernatural/magical abilities: Name Level Category Fail Memory W - pray for help -- divine ? -- Your skills at the end: Miscellaneous Skills wands [Basic] Weapon Skills dagger [Basic] bow [Basic] Spellcasting Skills Final Attributes: You were devoutly aligned. You were telepathic. You had automatic searching. You were displaced. You were stealthy. You are dead. Vanquished creatures: an elf mummy 2 wolves a giant spider 2 iron piercers an orc mummy a werewolf a bugbear an imp a wood nymph 2 rock piercers a fog cloud 2 gnome lords 3 gnomish wizards a gray ooze a ghoul 2 little dogs 2 floating eyes a kitten 4 dwarves a homunculus an iguana a rothe a rabid rat 3 giant bats a dwarf zombie a werejackal 3 killer bees 4 hobbits 2 acid blobs a large kobold 3 geckos 5 giant rats 3 cave spiders a brown mold 4 red molds 20 gnomes 6 manes a gnome zombie 7 jackals 2 foxes 5 newts a goblin 2 sewer rats 10 grid bugs 3 bats 3 lichens 125 creatures vanquished. Voluntary challenges: You did not adorn yourself with jewelry or accessories. You used a wielded weapon 57 times, starting on turn 11. You did not apply a unicorn horn. You read items or engraved 2 times, starting on turn 32. You never genocided any monsters. You never polymorphed an object. You never changed form. You used no wishes. You never split a pudding. You never wrote Elbereth's name. You violated your moral code, losing 2 points of alignment, starting on turn 2249. Dungeon overview: The Dungeons of Doom: levels 1 to 8 Level 1 a long staircase Level 2 a fountain stairs to The Gnomish Mines Level 3 Level 4 Level 5 Level 6 a fountain Level 7 Level 8 <- You were here a fountain The Gnomish Mines: levels 3 to 5 Level 3 stairs to The Dungeons of Doom Level 4 Level 5 some shops, a temple to Mars, a magic chest, some fountains History has recorded: On T:1 you entered the Dungeons of Doom to retrieve the Amulet of Yendor! On T:268 you reached level 2 of The Dungeons of Doom. On T:798 you reached level 1 of The Gnomish Mines. On T:814 you reached level 2 of The Gnomish Mines. On T:878 you advanced to experience level 2. On T:882 you advanced to experience level 3. On T:1072 you advanced to experience level 4. On T:1330 you advanced to experience level 5. On T:1436 you reached level 3 of The Gnomish Mines. On T:1707 you entered the Minetown temple On T:1959 you reached level 3 of The Dungeons of Doom. On T:2250 you advanced to experience level 6. On T:2371 you reached level 4 of The Dungeons of Doom. On T:2806 you reached level 5 of The Dungeons of Doom. On T:3125 you reached level 6 of The Dungeons of Doom. On T:3604 you reached level 7 of The Dungeons of Doom. On T:4180 you reached level 8 of The Dungeons of Doom. On T:4204 you advanced to experience level 7. Score breakdown: Gold: 825 ( 82 points) Experience: 7 levels ( 600 points) Exploration: 8 levels ( 210 points) Discoveries: 6 items ( 300 points) Variety of kills: 46 monsters ( 2000 points) Major goal: reached Minetown ( 500 points) Survival: died (score multiplied by 3) Total score: 11076 Latest messages: The large dog picks up a killer bee corpse. The large dog drops a killer bee corpse. You finish waiting. You displace your large dog. You see here a killer bee corpse. You shoot 2 arrows. The 1st arrow hits the panther. The 2nd arrow hits the panther. The panther just misses! The panther misses. (2x) The panther claws you! (2x) The panther misses. You shoot 2 arrows. The 1st arrow hits the panther! The 2nd arrow hits the panther. The panther claws you! The panther misses. The panther bites! You stop. Your large dog is in the way! The panther misses. The panther claws you! The panther bites! You die... The bag of holding is empty. The bag of holding is empty. Final status: Goodbye amy the Ranger, killed by a panther... You died in The Dungeons of Doom on dungeon level 8 with 11076 points, and 825 pieces of gold, after 4723 moves. You were level 7 with a maximum of 40 hit points when you died.